 Dungeon Crawl Stone Soup version 0.24-a0-518-g9d8d8d5b78 (webtiles) character file.

Game seed: 14095010060942205099

81 Gargoyl the Skirmisher (level 4, -1/57 HPs)
             Began as a Centaur Abyssal Knight on July 23, 2019.
             Was a Believer of Lugonu.
             Slain by a frilled lizard (2 damage)
             ... on level 2 of the Dungeon.
             The game lasted 00:02:43 (1609 turns).

Gargoyl the Skirmisher (Centaur Abyssal Knight)     Turns: 1609, Time: 00:02:43

Health: -1/57      AC: 22    Str: 15    XL:     4   Next: 20%
Magic:  5/5        EV:  1    Int: 11    God:    Lugonu [**....]
Gold:   36         SH:  0    Dex: 14    Spells: 3/3 levels left

rFire    + . .     SeeInvis .   a - +1 hand axe
rCold    + + .     Gourm    .   (no shield)
rNeg     + + +     Faith    .   (armour currently unavailable)
rPois    +         Spirit   .   (helmet currently unavailable)
rElec    +         Reflect  .   (cloak currently unavailable)
rCorr    +         Harm     .   (gloves currently unavailable)
MR       .....     NoTele   +   (no barding)
Stlth    ++........             d - amulet of the acrobat
HPRegen  0.19/turn              j - ring of protection from cold
MPRegen  0.09/turn              (no ring)

@: agile, lethally poisoned (-1 -> -7), tree-form, resistant
A: large
a: Depart the Abyss, Bend Space, Renounce Religion


You were on level 2 of the Dungeon.
You worshipped Lugonu.
Lugonu was pleased with you.
You were hungry.
You were a tree.
You visited 1 branch of the dungeon, and saw 2 of its levels.
You visited the Abyss 1 time.

You collected 36 gold pieces.

Inventory:

Hand Weapons
 a - a +1 hand axe (weapon)
Armour
 h - a +0 chain mail (melded)
Jewellery
 d - an amulet of the acrobat (around neck)
 j - a ring of protection from cold (left branch)
Scrolls
 f - 2 scrolls of teleportation {unknown}
 g - a scroll of magic mapping {unknown}
 k - a scroll of amnesia {unknown}
Potions
 e - a potion of lignification
Comestibles
 c - 4 rations


   Skills:
 + Level 3.5 Fighting
 + Level 2.3 Axes
 * Level 2.0 Armour
 * Level 1.4 Dodging
 * Level 2.6 Invocations


You had 3 spell levels left.
You didn't know any spells.
Your spell library was empty.

Dungeon Overview and Level Annotations

Branches:
Dungeon (2/15)

Altars:


Innate Abilities, Weirdness & Mutations

((You have hooves in place of feet.))
((Armour fits poorly on your strangely shaped body.))
((You cover ground very quickly.))
((You have extremely tough skin. (AC +3)))


Message History

Lugonu accepts your kill.
* * * LOW HITPOINT WARNING * * *
You feel sick. The adder bites you but does no damage.
The frilled lizard bites you but does no damage.
The adder bites you but does no damage.
You hit the adder.
The adder is severely wounded.
You closely miss the frilled lizard.
* * * LOW HITPOINT WARNING * * *
You feel sick. The adder bites you but does no damage.
The frilled lizard bites you but does no damage.
Unknown command.
You hit the adder.
You kill the adder!
Lugonu accepts your kill.
Your Armour skill increases to level 2!
You closely miss the frilled lizard.
* * * LOW HITPOINT WARNING * * *
You feel sick. The frilled lizard bites you.
You die...

####.#.........#
#.#.........# .
####.#.........# ..
...............# ###..#
#####..........##......(.?
#####..##'####....# ....# .
.......##.# ##..## ....#w.
######..#.# #..# ......
######'#'######♣## ....#
#...........# #l.###....##
#...........# ##w..†....?#
#...........# #....!##?#
#...........# #......#
#...........# #....[.....
##...........####...........
.'..........(..##...........
.#.............##...........


You could see a worm and a frilled lizard.

Vanquished Creatures
  2 adders (D:2)
  An ooze (D:2)
  2 worms (D:2)
  2 dart slugs (D:1)
  2 leopard geckos (D:1)
  3 giant cockroaches
  3 hobgoblins
  3 jackals (D:1)
  4 kobolds (D:1)
  A quokka (D:2)
  6 bats (D:1)
  2 frilled lizards
  8 goblins
  7 rats
46 creatures vanquished.

Vanquished Creatures (others)
  A bat (D:1)
1 creature vanquished.

Grand Total: 47 creatures vanquished

Notes
Turn   | Place    | Note
-------+----------+-------------------------------------------
     0 | Abyss:1  | Gargoyl the Centaur Abyssal Knight began the quest for the
                  | Orb.
     0 | Abyss:1  | Reached XP level 1. HP: 19/19 MP: 2/2
    13 | Abyss:1  | Found a corrupted altar of Lugonu.
    32 | Abyss:1  | Noticed an eye of devastation
    60 | D:1      | Escaped the Abyss
   366 | D:1      | Reached * piety under Lugonu
   489 | D:1      | Reached XP level 2. HP: 26/26 MP: 3/3
   733 | D:1      | Reached skill level 1 in Dodging
   874 | D:1      | Reached XP level 3. HP: 29/31 MP: 4/4
  1406 | D:2      | Reached ** piety under Lugonu
  1590 | D:2      | Reached XP level 4. HP: 29/38 MP: 5/5
  1607 | D:2      | HP: 2/57 [poisoned by an adder]
  1609 | D:2      | Slain by a frilled lizard

Levels and vault maps discovered:
D:1:      minmay_arrival_wavy_path, layout_loops_ring
D:2:      layout_basic, first_ration, minmay_three_crescents, uniq_natasha

Skill      XL: |  1  2  3  4 |
---------------+-------------+-----
Axes           | 2 |  2.3
Dodging        | 1 |  1.4
Armour         | 2 |  2.0
Fighting       | |  3.5
Invocations    | |  2.6

Action                   |  1- 3 |  4- 6 || total
-------------------------+-------+-------++-------
Melee: Hand axe          |   119 |    12 ||   131
       Kick              |    13 |       ||    13
Invok: Depart the Abyss  |     1 |       ||     1
  Use: Potion            |       |     3 ||     3
  Eat: Chunk             |     1 |       ||     1
Armor: Leather armour    |    44 |       ||    44
       Chain mail        |    30 |    11 ||    41
       Skin              |       |    12 ||    12
Dodge: Dodged            |   146 |     5 ||   151

Table legend:
 A = Non-vault XP
 B = Vault XP
 C = Vault XP percentage of total XP
 D = Non-vault monster count
 E = Vault monster count
 F = Vault count percentage of total count
                 A         B        C        D         E       F
            +---------+---------+-------+---------+---------+-------
      Total |      91 |      26 |  22.2 |      41 |       5 |  10.9
            +---------+---------+-------+---------+---------+-------
        D:1 |      54 |       0 |   0.0 |      30 |       0 |   0.0
        D:2 |      37 |      26 |  41.3 |      11 |       5 |  31.2
            +---------+---------+-------+---------+---------+-------
